 Dungeon Crawl Stone Soup version 0.27.0-1-g7a089689b8 (webtiles) character file.

Game seed: 746521209069253770

5 SirRamESQ the Firebug (level 1, 0/14 HPs)
             Began as a Hill Orc Fire Elementalist on Aug 4, 2021.
             Slain by a jackal (3 damage)
             ... on level 1 of the Dungeon.
             The game lasted 00:03:31 (412 turns).

SirRamESQ the Firebug (Hill Orc Fire Elementalist)   Turns: 412, Time: 00:03:32

Health: 0/14       AC:  2    Str: 10    XL:     1   Next: 80%
Magic:  1/3        EV: 12    Int: 15    God:
Gold:   9          SH:  0    Dex: 11    Spells: 2/3 levels left

rFire    . . .     SeeInvis .   c - +0 dagger
rCold    . . .     Faith    .   (no shield)
rNeg     . . .     Spirit   .   a - +0 robe
rPois    .         Reflect  .   (no helmet)
rElec    .         Harm     .   (no cloak)
rCorr    .         Rampage  .   (no gloves)
Will     .....                  (no boots)
Stlth    ++........             (no amulet)
HPRegen  0.04/turn              (no ring)
MPRegen  0.08/turn              (no ring)

@: no status effects
A: no striking features
a: no special abilities


You were on level 1 of the Dungeon.
You visited 1 branch of the dungeon, and saw 1 of its levels.

You collected 9 gold pieces.

Inventory:

Hand Weapons
 c - a +0 dagger (weapon)
Armour
 a - a +0 robe (worn)
Scrolls
 b - a scroll of amnesia {unknown}
 d - a scroll of identify {unknown}


   Skills:
 + Level 1.7 Dodging
 - Level 1.5 Stealth
 + Level 1.6 Spellcasting
 + Level 1.2 Conjurations
 + Level 3.4 Fire Magic


You had 2 spell levels left.
You knew the following spells:

 Your Spells              Type           Power      Damage    Failure   Level
a - Foxfire               Conj/Fire      32%        2x1d5     9%          1

Your spell library contained the following spells:

 Spells                   Type           Power      Damage    Failure   Level
 Conjure Flame            Conj/Fire      8%         6-21      26%         3
 Inner Flame              Hex/Fire       6%         N/A       34%         3
 Sticky Flame             Conj/Fire      8%         2d3       65%         4
 Fireball                 Conj/Fire      4%         3d4       94%         5


Dungeon Overview and Level Annotations

Branches:
Dungeon (1/15)

Altars:


Message History

You hit the giant cockroach but do no damage.
The giant cockroach is severely wounded.
The giant cockroach misses you.
You hit the giant cockroach but do no damage.
The giant cockroach is severely wounded.
The giant cockroach barely misses you.
You hit the giant cockroach.
You kill the giant cockroach!
You see here a giant cockroach corpse.
Found a scroll labelled MOKUSIE HASHRE.
d - a scroll labelled MOKUSIE HASHRE Unknown command.
A jackal comes into view.
A jackal comes into view.
The jackal barks! x2
Casting: Foxfire (safe; 9% risk of failure)
Confirm with . or Enter, or press ? or * to list all spells.
You conjure some foxfire!
The jackal bites you.
You barely miss the jackal.
The foxfire hits the jackal.
The jackal is lightly wounded.
The jackal misses you.
You closely miss the jackal.
The jackal is lightly wounded.
The jackal bites you.
You barely miss the jackal.
Casting: Foxfire (safe; 9% risk of failure)
Confirm with . or Enter, or press ? or * to list all spells.
You conjure some foxfire!
The foxfire hits the jackal but does no damage.
The jackal is lightly wounded.
The jackal misses you.
Casting: Foxfire (safe; 9% risk of failure)
Confirm with . or Enter, or press ? or * to list all spells.
There is not enough space to conjure foxfire!
You completely miss the jackal. The jackal bites you. x3
You closely miss the jackal. The jackal bites you. x2
* * * LOW HITPOINT WARNING * * *
You barely miss the jackal. The jackal misses you.
The jackal closely misses you. The jackal bites you.
You die...

.# #.# .# .#
#.######.# .#
#....#...
.#############.#.###.#
.#....<....#.#.......#
.#.........#.###.#####
.#.#.....#.#.....#
##.........#.#####
#.........#.#.h@#
#.#.....#.#.#.#h#
##.........#...#.#
.#.........#...#.#
.#.#.....#.#...#.#
.#.........#.###.#
##.........#.. ..#
.#.#.....#.### ###
.#.........#


You could see 2 jackals.

Vanquished Creatures
  A giant cockroach (D:1)
  2 goblins (D:1)
  A kobold (D:1)
4 creatures vanquished.

Vanquished Creatures (others)
  6 foxfires (D:1)
6 creatures vanquished.

Grand Total: 10 creatures vanquished

Notes
Turn   | Place    | Note
-------+----------+-------------------------------------------
     0 | D:1      | SirRamESQ the Hill Orc Fire Elementalist began the quest
                  | for the Orb.
     0 | D:1      | Reached XP level 1. HP: 14/14 MP: 3/3
   412 | D:1      | Slain by a jackal

Illustrated notes

Levels and vault maps discovered:
D:1:      lemuel_arrival_broad_hall, layout_basic, chequers_decorated_corner

Action                   || total
-------------------------++-------
Melee: Dagger            ||    15
       Unarmed           ||    11
 Cast: Foxfire           ||     5
Armor: Robe              ||     2
Dodge: Dodged            ||    18
